 Dungeon Crawl Stone Soup version 0.28-a0-1510-gd0f6b136d3 (webtiles) character file.

Game seed: 6177290816784095016

145 psuckher the Digger (level 5, 0/28 HPs)
             Began as a Gargoyle Earth Elementalist on Jan 14, 2022.
             Slain by an adder (3 damage)
             ... on level 3 of the Dungeon.
             The game lasted 00:12:08 (2071 turns).

psuckher the Digger (Gargoyle Earth Elementalist)   Turns: 2071, Time: 00:12:08

Health: 0/28       AC:  9    Str: 11    XL:     5   Next: 27%
Magic:  4/9        EV: 10    Int: 18    God:
Gold:   39         SH:  0    Dex: 12    Spells: 3/10 levels left

rFire   . . .      SeeInvis .   j - +0 falchion (flame)
rCold   . . .      Faith    .   (no shield)
rNeg    + . .      Spirit   .   e - +0 ring mail
rPois   ∞          Reflect  .   (no helmet)
rElec   +          Harm     .   (no cloak)
rCorr   .          Rampage  .   (no gloves)
Will    .....                   (no boots)
Stlth   ++........              (no amulet)
HPRegen 0.09/turn               (no ring)
MPRegen 0.11/turn               (no ring)

@: no status effects
A: sickness immunity, AC +4, negative energy resistance 1, electricity
resistance, torment resistance 1, petrification resistance, thin skeletal
structure 1, screaming 1
a: no special abilities


You were on level 3 of the Dungeon.
You visited 1 branch of the dungeon, and saw 3 of its levels.

You collected 39 gold pieces.

Inventory:

Hand Weapons
 j - a +0 falchion of flaming (weapon)
Missiles
 c - 65 stones
Armour
 b - a +0 robe
 e - a +0 ring mail (worn)
 n - the +7 chain mail of Ukku {Fly rElec rC- rN+}
   (You found it on level 2 of the Dungeon)

   rC:        It makes you vulnerable to cold.
   rElec:     It insulates you from electricity.
   rN:        It protects you from negative energy.
   Fly:       It grants you flight.
Jewellery
 l - an amulet of magic regeneration
Scrolls
 a - a scroll of teleportation {unknown}
 h - 2 scrolls of identify {unknown}
 k - a scroll of immolation {unknown}
 m - a scroll of enchant armour {unknown}
Potions
 f - a potion of invisibility {unknown}
 g - 2 potions of haste
 i - a potion of brilliance {unknown}
 o - a potion of attraction {unknown}
 p - a potion of degeneration {unknown}


   Skills:
 + Level 0.2 Fighting
 + Level 0.1 Long Blades
 + Level 1.0 Armour
 + Level 2.0 Dodging
 + Level 2.5 Stealth
 + Level 1.1 Unarmed Combat
 + Level 3.2 Spellcasting
 + Level 0.7 Transmutations
 + Level 5.0 Earth Magic


You had 3 spell levels left.
You knew the following spells:

 Your Spells              Type           Power      Damage    Failure   Level
a - Sandblast             Erth           42%        2d11      4%          1
b - Petrify               Tmut/Erth      13%        N/A       75%         4
c - Passwall              Tmut/Erth      10%        N/A       17%         2

Your spell library contained the following spells:

 Spells                   Type           Power      Damage    Failure   Level
 Stone Arrow              Conj/Erth      22%        3d8       38%         3


Dungeon Overview and Level Annotations

Branches:
Dungeon (3/15)

Altars:


Innate Abilities, Weirdness & Mutations

You are immune to sickness and miasma.
Your stone body is resilient. (AC +4)
You are immune to poison.
You resist negative energy. (rN+)
You are resistant to electric shocks. (rElec)
You are resistant to unholy torment.
You are immune to petrification.
You have a somewhat thin skeletal structure. (Dex +2, Stealth+)
You occasionally shout uncontrollably at your foes.


Message History

You are frozen.
* * * LOW HITPOINT WARNING * * *
You don't have enough magic to cast this spell.
It was a potion of mutation.
You feel extremely strange.
You feel the urge to shout.
Your bones become slightly less dense.
You don't have enough magic to cast this spell.
Unknown command.
The endoplasm barely misses you.
The endoplasm jiggles.
The endoplasm jiggles.
A kobold comes into view. It is wielding a +0 dagger.
The kobold shouts!
You hit the kobold. You burn the kobold.
You kill the kobold!
Things that are here:
a +0 dagger; a kobold corpse Your extra speed is starting to run out.
An adder comes into view.
The adder hisses angrily.
The adder bites you but does no damage.
You miss the adder. The adder bites you but does no damage.
You closely miss the adder.
You feel yourself slow down. The adder bites you but does no damage.
You barely miss the adder. The adder bites you but does no damage.
The adder closely misses you.
You slash the adder! You burn the adder.
The adder is almost dead.
The adder closely misses you. The adder barely misses you.
You closely miss the adder.
The adder is almost dead.
The adder barely misses you.
You closely miss the adder.
The adder is almost dead.
The adder bites you but does no damage. The adder bites you.
* * * LOW HITPOINT WARNING * * *
You hit the adder but do no damage.
The adder is almost dead.
The adder bites you.
You die...

#J#
###.##########
#.#
#....)).......
#)#
######....####
#.# #....# #.#
#....#
#.#######
.........
#.......#
#.##....###
#######J# ..
.....# #@# .
#####.# #S# .#
#.# .# #.# #..
###


You could see an adder and an endoplasm.

Vanquished Creatures
  An orc priest (D:3)
  Jessica (D:2)
  An orc wizard (D:2)
  An adder (D:2)
  A dart slug (D:2)
  6 orcs
  6 bats
  2 endoplasms
  4 giant cockroaches
  4 goblins
  3 hobgoblins
  A frilled lizard (D:2)
  8 kobolds
  4 rats
43 creatures vanquished.

Vanquished Creatures (others)
  An orc wizard (D:2)
1 creature vanquished.

Grand Total: 44 creatures vanquished

Notes
Turn   | Place    | Note
-------+----------+-------------------------------------------
     0 | D:1      | psuckher the Gargoyle Earth Elementalist began the quest
                  | for the Orb.
     0 | D:1      | Reached XP level 1. HP: 10/10 MP: 3/3
   143 | D:1      | Reached XP level 2. HP: 6/15 MP: 1/5
   219 | D:1      | Reached skill level 4 in Earth Magic
  1038 | D:2      | Reached XP level 3. HP: 4/19 MP: 1/6
  1359 | D:2      | Reached XP level 4. HP: 14/24 MP: 2/8
  1375 | D:2      | Reached skill level 1 in Unarmed Combat
  1777 | D:2      | Identified the +7 chain mail of Ukku {Fly rElec rC- rN+}
  1840 | D:2      | Noticed Jessica
  1849 | D:2      | Killed Jessica
  1850 | D:2      | Reached skill level 1 in Armour
  1855 | D:2      | Learned a level 4 spell: Petrify
  1859 | D:2      | Learned a level 2 spell: Passwall
  2016 | D:3      | Reached skill level 5 in Earth Magic
  2016 | D:3      | Reached XP level 5. HP: 2/28 MP: 3/9
  2021 | D:3      | Gained mutation: You occasionally shout uncontrollably at
                  | your foes. [potion of mutation]
  2021 | D:3      | Gained mutation: You have a somewhat thin skeletal
                  | structure. (Dex +2, Stealth+) [potion of mutation]
  2071 | D:3      | Slain by an adder

Illustrated notes

Levels and vault maps discovered:
D:1:      saegor_arrival_simple_b, layout_basic,
          hangedman_decor_clover_reticule, hex_large
D:2:      layout_basic, hangedman_decor_points, uniq_jessica
D:3:      layout_basic, mainiacjoe_overflow_paths, wad_floor_pattern_untrapped

Skill      XL: |  1  2  3  4 |
---------------+-------------+-----
Earth Magic    | 4 5 |  5.0
Unarmed Combat | 1 |  1.1
Armour         | 1 |  1.0
Dodging        | 2 |  2.0
Spellcasting   | 3 |  3.2
Fighting       | |  0.2
Long Blades    | |  0.1
Stealth        | |  2.5
Transmutations | |  0.7

Action                   |  1- 3 |  4- 6 || total
-------------------------+-------+-------++-------
Melee: Unarmed           |    91 |     9 ||   100
       Punch             |     1 |     1 ||     2
       Falchion          |       |    29 ||    29
 Cast: Sandblast         |    27 |    15 ||    42
  Use: Potion            |       |     2 ||     2
Armor: Robe              |    24 |       ||    24
       Ring mail         |    25 |    22 ||    47
Dodge: Dodged            |    90 |    22 ||   112

Table legend: (Time is in decaauts)
 A = Elapsed time spent in this place.
 B = Non-inter-level travel time spent in this place.
 C = Inter-level travel time spent in this place.
 D = Time resting spent in this place.
 E = Time spent auto-exploring this place.
 F = Levels seen in this place.
 G = Mean time per level.
                   A        B        C        D        E       F      G
               +--------+--------+--------+--------+--------+-----+--------+
         Total |   2062 |   1836 |    226 |      0 |      0 |   3 |  687.3 |
       Dungeon |   2062 |   1836 |    226 |      0 |      0 |   3 |  687.3 |
               +--------+--------+--------+--------+--------+-----+--------+

Top non-repeatable levels by time:
     D:2: 1132 daAuts
     D:1: 877 daAuts
     D:3: 52 daAuts
